 Dungeon Sprint DCSS version 0.27.1-2-g3b301248ec (webtiles) character file.

Game seed: 18269886115288033552

1990 boopmooplesden the Cleaver (level 9, -2/92 HPs)
             Began as a Minotaur Fighter on Sept 22, 2021.
             Slain by a polar bear (20 damage)
             ... in the Dungeon (Sprint II: "The Violet Keep of Menkaure").
             The game lasted 00:02:56 (382 turns).

boopmooplesden the Cleaver (Minotaur Fighter)        Turns: 382, Time: 00:02:57

Health: -2/92      AC:  9    Str: 23    XL:     9   Next: 1%
Magic:  8/8        EV: 10    Int:  3    God:
Gold:   216        SH: 13    Dex: 11    Spells: 8/8 levels left

rFire    . . .     SeeInvis .   a - +0 war axe
rCold    . . .     Faith    .   c - +0 kite shield
rNeg     . . .     Spirit   .   k - +0 ring mail "Besaof" {+Inv rCorr Int-2}
rPois    .         Reflect  .   (helmet restricted)
rElec    .         Harm     .   (no cloak)
rCorr    +         Rampage  .   (no gloves)
Will     .....     NoTele   +   l - +0 pair of boots
Stlth    +.........             (no amulet)
HPRegen  0.25/turn              (no ring)
MPRegen  0.11/turn              (no ring)

@: on berserk cooldown, slowed, very slow
A: horns 2, retaliatory headbutt
a: Evoke Invisibility


You were in the Dungeon.
You visited 1 branch You collected 486 gold pieces.
You spent 270 gold pieces at shops.

Inventory:

Hand Weapons
 a - a +0 war axe (weapon)
Armour
 b - a +0 scale mail
 c - a +0 kite shield (worn)
 k - the +0 ring mail "Besaof" (worn) {+Inv rCorr Int-2}
   (You bought it in a shop in the Dungeon)

   Int:       It affects your intelligence (-2).
   +Inv:      It lets you turn invisible.
   rCorr:     It protects you from acid and corrosion.
 l - a +0 pair of boots (worn)
Scrolls
 d - a scroll of fear {unknown}
 j - a scroll of blinking
Potions
 e - a potion of curing
 g - a potion of haste
 h - 2 potions of magic


   Skills:
 + Level 12.6 Fighting
 + Level 12.7 Axes
 + Level 11.5 Armour
 + Level 1.9 Dodging
 + Level 0.8 Stealth
 + Level 12.0 Shields


You had 8 spell levels left.
You didn't know any spells.
Your spell library was empty.

Dungeon Overview and Level Annotations

Branches:
Dungeon (1/1)

Altars:
Cheibriados
Dithmenos
Elyvilon
Fedhas
Gozag
Hepliaklqana
Kikubaaqudgha
Makhleb
Nemelex Xobeh
Okawaru
Qazlal
Ru
Sif Muna
Trog
Uskayaw
Vehumet
Wu Jian
Xom
Yredelemnul
Zin
The Shining One
Beogh
Jiyva
Lugonu

Shops:
D :=?!=:=[(!![(:[

Annotations:
D exclusion: oklob plant


Innate Abilities, Weirdness & Mutations

You have a pair of horns on your head.
You reflexively headbutt those who attack you in melee.


Message History

You feel much better.
You feel very sick. You block the hornet's attack.
The polar bear bites you but does no damage.
The polar bear claws you but does no damage. x2
The hornet stings you but does no damage.
You slash the hornet!
You kill the hornet!
You hit the polar bear but do no damage.
You feel sick. You block the polar bear's attack.
The polar bear barely misses you. The polar bear claws you.
You block the polar bear's attack.
The polar bear claws you but does no damage. x2
Your Shields skill increases to level 12!
You have reached level 9!
Your experience leads to an increase in your attributes!
Your base attributes are Str 22, Int 5, Dex 11.
Increase (S)trength, (I)ntelligence, or (D)exterity?
You feel stronger.
You slice the polar bear!! You headbutt the polar bear!
The polar bear is severely wounded.
You feel sick.
The polar bear goes berserk!
Your ring mail "Besaof" prevents you from hitting the polar bear.
The polar bear is severely wounded.
You feel sick. The polar bear barely misses you. You furiously retaliate!
You headbutt the polar bear. The polar bear claws you.
* * * LOW HITPOINT WARNING * * *
The polar bear barely misses you. You block the polar bear's attack. x2
The polar bear claws you.
* * * LOW HITPOINT WARNING * * *
You slash the polar bear! Your headbutt misses the polar bear.
The polar bear is almost dead.
You feel sick.
You are no longer poisoned.
You block the polar bear's attack. The polar bear claws you.
* * * LOW HITPOINT WARNING * * *
The polar bear claws you.
* * * LOW HITPOINT WARNING * * *
The polar bear bites you!!
You die... $ .##.#### +.### . .. ...# ...# B#B

###..## #..# .# #+#
#.##..# +..# .# (
#.###..#..# #..# .# )(
.<†'.##'..####..##.# !$$
#.###..#....###...##▓▓▓▓
#'###.##......≈≈≈h≈≈≈≈≈≈
.).####≈§.....≈#@#######
.#..#≈≈≈≈≈§≈..≈#....._._
. .##≈≈≈≈≈§≈≈.≈#...._._.
# ##≈≈≈§§≈≈≈≈§§#..._._._
≈ ≈≈≈≈§≈§≈§≈≈≈≈#.._._._.
+#+++#≈≈§§§≈§§≈#._._._._
○ ##≈≈§###§≈#_._._._.
##≈≈ #§≈#._._._..
#≈≈#.._._._.


You could see a polar bear (berserk).

Vanquished Creatures
  A merfolk siren (D)
  A yaktaur (D)
  2 polar bears (D)
  A hornet (D)
  A blink frog (D)
  2 wyverns (D)
  Menkaure (D)
  4 scorpions (D)
13 creatures vanquished.

Vanquished Creatures (others)
  A water moccasin (D)
1 creature vanquished.

Grand Total: 14 creatures vanquished

Notes
Turn   | Place    | Note
-------+----------+-------------------------------------------
     0 | D        | boopmooplesden the Minotaur Fighter began the quest for the
                  | Orb.
     0 | D        | Reached XP level 1. HP: 19/19 MP: 0/0
     2 | D        | Noticed a scorpion
     2 | D        | Noticed a scorpion
     2 | D        | Noticed a scorpion
     2 | D        | Noticed a scorpion
     7 | D        | Killed a scorpion
     8 | D        | Reached XP level 2. HP: 29/30 MP: 1/1
     8 | D        | Reached XP level 3. HP: 36/37 MP: 2/2
     8 | D        | Killed a scorpion
     9 | D        | Reached XP level 4. HP: 39/47 MP: 3/3
    10 | D        | Killed a scorpion
    11 | D        | Reached skill level 5 in Axes
    11 | D        | Reached XP level 5. HP: 39/53 MP: 4/4
   216 | D        | Noticed a merfolk siren
   222 | D        | Killed a merfolk siren
   223 | D        | Reached skill level 10 in Fighting
   223 | D        | Reached skill level 10 in Shields
   223 | D        | Reached XP level 6. HP: 57/67 MP: 5/5
   223 | D        | Reached XP level 7. HP: 62/73 MP: 6/6
   228 | D        | Noticed a boulder beetle
   228 | D        | Noticed a boulder beetle
   231 | D        | Noticed a wyvern
   231 | D        | Noticed a wyvern
   239 | D        | Killed a wyvern
   240 | D        | Reached skill level 10 in Armour
   242 | D        | Killed a wyvern
   257 | D        | Found Utih's Antique Weapon Boutique.
   257 | D        | Found Pannups's Armour Shop.
   257 | D        | Found Hefa's Distillery.
   257 | D        | Found Gitoomum's Antique Weapon Shop.
   257 | D        | Found Kokhlo's Jewellery Boutique.
   258 | D        | Found Pibiy's Antique Armour Shop.
   258 | D        | Found Mahah's Antique Armour Shop.
   258 | D        | Found Taofiate's Book Boutique.
   258 | D        | Found Goshraira's Jewellery Shop.
   258 | D        | Found Ygoack's Distillery.
   259 | D        | Found Reukep's Magic Scroll Shop.
   259 | D        | Found Jado's Jewellery Boutique.
   260 | D        | Found Neomupox's Book Boutique.
   260 | D        | Found Lecload's Distillery.
   262 | D        | Noticed Menkaure
   262 | D        | Noticed a shining eye
   277 | D        | Killed Menkaure
   278 | D        | Reached skill level 10 in Axes
   278 | D        | Reached XP level 8. HP: 71/82 MP: 7/7
   282 | D        | Noticed a blink frog
   289 | D        | Killed a blink frog
   298 | D        | Noticed a shining eye
   298 | D        | Noticed a shining eye
   298 | D        | Noticed an oklob plant
   299 | D        | Found Ysoiboic's Book Shoppe.
   302 | D        | Bought a shimmering ring mail for 180 gold pieces
   302 | D        | Identified the +0 ring mail "Besaof" {+Inv rCorr Int-2}
                  | (You bought it in a shop in the Dungeon)
   302 | D        | Bought a pair of boots for 90 gold pieces
   319 | D        | Noticed a polar bear
   319 | D        | Noticed a polar bear
   353 | D        | Found a snail-covered altar of Cheibriados.
   354 | D        | Found a shadowy altar of Dithmenos.
   354 | D        | Found a viscous altar of Jiyva.
   354 | D        | Found a hazy altar of Hepliaklqana.
   355 | D        | Found a white marble altar of Elyvilon.
   355 | D        | Found an ancient bone altar of Kikubaaqudgha.
   355 | D        | Found a sacrificial altar of Ru.
   356 | D        | Found a blossoming altar of Fedhas.
   356 | D        | Found a corrupted altar of Lugonu.
   356 | D        | Found a shimmering blue altar of Sif Muna.
   357 | D        | Found an opulent altar of Gozag.
   357 | D        | Found a burning altar of Makhleb.
   357 | D        | Found a bloodstained altar of Trog.
   358 | D        | Found a sparkling altar of Nemelex Xobeh.
   358 | D        | Found a hide-covered altar of Uskayaw.
   359 | D        | Found a basalt altar of Yredelemnul.
   360 | D        | Found an iron altar of Okawaru.
   360 | D        | Found a radiant altar of Vehumet.
   360 | D        | Found a glowing silver altar of Zin.
   360 | D        | Found a shimmering altar of Xom.
   360 | D        | Noticed a hornet
   360 | D        | Noticed a polar bear
   360 | D        | Noticed a polar bear
   360 | D        | Noticed a polar bear
   361 | D        | Found a stormy altar of Qazlal.
   361 | D        | Found an ornate altar of the Wu Jian Council.
   361 | D        | Found a glowing golden altar of the Shining One.
   361 | D        | Noticed a yaktaur
   372 | D        | Killed a yaktaur
   373 | D        | Killed a polar bear
   374 | D        | Reached skill level 1 in Dodging
   374 | D        | Killed a polar bear
   379 | D        | Killed a hornet
   380 | D        | Reached XP level 9. HP: 33/92 MP: 8/8
   382 | D        | Slain by a polar bear

Illustrated notes

Levels and vault maps discovered:
D:        the_violet_keep_of_menkaure [sprint2_stairs_cluster_1,
          sprint2_shoproom, sprint2_temple, sprint2_basic_supplies,
          sprint2_obstacle_2, sprint2_obstacle_5, sprint2_obstacle_1,
          sprint2_obstacle_4, sprint2_obstacle_3, sprint2_timed_cluster_1,
          sprint2_smallroom_cluster_1, sprint2_smallroom_final_cluster_1,
          sprint2_transparent_cluster_1, sprint2_second_timed_cluster_1,
          sprint2_sniper_area_1, sprint2_heavy_combat_area_1,
          sprint2_mutation_trap_area_1, sprint2_forest_area_1,
          sprint2_light_combat_area_1, sprint2_behind_water_1,
          sprint2_near_end_vault_1]

Skill      XL: |  1  2  3  4  5  6  7  8 |
---------------+-------------------------+-----
Fighting       | 6 7 8 10 11 12 | 12.6
Axes           | 4 5 8 10 12 | 12.7
Armour         | 6 7 9 10 11 | 11.5
Shields        | 6 7 10 11 12 | 12.0
Dodging        | 1 |  1.9
Stealth        | |  0.8

Action                   |  1- 3 |  4- 6 |  7- 9 || total
-------------------------+-------+-------+-------++-------
Melee: War axe           |     5 |    10 |    29 ||    44
       Headbutt          |     1 |     3 |     5 ||     9
  Use: Potion            |     1 |       |     2 ||     3
Armor: Scale mail        |     1 |     1 |     3 ||     5
       Ring mail         |       |       |    20 ||    20
Dodge: Dodged            |       |     1 |    17 ||    18
Block: Kite shield       |     4 |     5 |    37 ||    46
